 Dungeon Crawl Stone Soup version 0.29-a0-541-gaf1fc19f1b (console) character file.

Game seed: 16591760448986954004

9352 om the Martial Artist (level 11, -13/63 HPs)
             Began as an Octopode Transmuter on June 2, 2022.
             Was an Initiate of Cheibriados.
             Mangled by a gnoll sergeant
             ... wielding a +5 trident of flaming
              (20 damage)
             ... on level 10 of the Dungeon.
             The game lasted 00:21:24 (8698 turns).

om the Martial Artist (Octopode Transmuter)         Turns: 8698, Time: 00:21:25

Health: -13/63     AC:  2    Str: 12    XL:     11   Next: 45%
Magic:  4/18       EV: 30    Int: 18    God:    Cheibriados [......]
Gold:   441        SH:  0    Dex: 20    Spells: 10/20 levels left

rFire   . . .      SeeInvis .     - Unarmed
rCold   . . .      Faith    .   (shield currently unavailable)
rNeg    . . .      Spirit   .   (helmet currently unavailable)
rPois   x          Reflect  .   a - amulet of regeneration
rElec   .          Harm     .   d - +4 ring of evasion
rCorr   .          Rampage  .   g - +4 ring of slaying
Will    .....                   (no ring)
Stlth   +++.......              (no ring)
HPRegen 1.00/turn               (no ring)
MPRegen 0.16/turn               (no ring)
                                (no ring)
                                (no ring)

@: spider-form, wereblooded, very slightly contaminated, very slow
A: venomous fangs, almost no armour, (amphibious), 8 rings, tiny, (camouflage
1), (gelatinous body 1), (nimble swimmer 1), (tentacles)
a: End Transformation, Renounce Religion


You were on level 10 of the Dungeon.
You worshipped Cheibriados.
Cheibriados was noncommittal.
You were a venomous arachnid creature.
You visited 2 branches of the dungeon, and saw 11 of its levels.

You collected 541 gold pieces.
You spent 100 gold pieces at shops.

Inventory:

Hand Weapons
 m - a +2 dagger of venom
Armour
 o - a +1 hat (melded)
Jewellery
 a - an amulet of regeneration (around neck)
 d - a +4 ring of evasion (left front leg)
 g - a +4 ring of slaying (right front leg)
 r - a ring of fire
 A - a ring of flight
Wands
 c - a wand of iceblast (23)
 t - a wand of flame (20)
 x - a wand of acid (5)
 z - a wand of polymorph (3)
Scrolls
 i - 2 scrolls of magic mapping
 j - a scroll of enchant armour
 l - a scroll of blinking {unknown}
 q - a scroll of enchant weapon
 s - 2 scrolls of teleportation
 u - a scroll of vulnerability {unknown}
 w - a scroll of summoning {unknown}
 y - 2 scrolls of identify
Potions
 b - 2 potions of berserk rage
 f - 5 potions of curing
 h - 2 potions of might
 k - 7 potions of flight
 n - 2 potions of degeneration {unknown}
 p - a potion of attraction
 v - 3 potions of magic


   Skills:
 - Level 1.0 Fighting
 + Level 8.2 Dodging
 - Level 6.0 Stealth
 * Level 10.7 Unarmed Combat
 - Level 5.2 Spellcasting
 - Level 8.0 Transmutations
 - Level 6.0 Ice Magic


You had 10 spell levels left.
You knew the following spells:

 Your Spells              Type           Power      Damage    Failure   Level
a - Beastly Appendage     Tmut           66%        N/A       3%          1
b - Wereblood             Tmut           33%        N/A       4%          2
c - Spider Form           Tmut/Pois      19%        N/A       21%         3
d - Ice Form              Ice/Tmut       29%        N/A       21%         4

Your spell library contained the following spells:

 Spells                   Type           Power      Damage    Failure   Level
 Call Canine Familiar     Summ           4%         N/A       58%         3
 Dazzling Flash           Conj/Hex       8%         N/A       58%         3
 Portal Projectile        Hex/Tloc       8%         N/A       58%         3
 Iskenderun's Mystic Bla  Conj/Tloc      4%         2d3       91%         4
 Leda's Liquefaction      Hex/Erth       2%         N/A       91%         4
 Starburst                Conj/Fire      2%         6d3       100%        6


Dungeon Overview and Level Annotations

Branches:
Dungeon (10/15)            Temple (1/1) D:7            Lair (0/6) D:9
    Orc: D:9-12

Altars:
Ashenzari
Cheibriados
Dithmenos
Fedhas
Gozag
Hepliaklqana
Kikubaaqudgha
Makhleb
Nemelex Xobeh
Okawaru
Qazlal
Ru
Sif Muna
Trog
Uskayaw
Vehumet
Wu Jian
Xom
Yredelemnul
Zin
The Shining One

Shops:
D:3 !

Annotations:
D:9 2 runed translucent doors, YayAnonymity's ghost, journeyman TeAE


Innate Abilities, Weirdness & Mutations

You are a venomous arachnid creature.
You have poisonous fangs.
You are tiny and dextrous.
Your spellcasting is less reliable in this form.
Your armour is entirely melded.
You are incapable of wielding weapons or throwing items.
You cannot wear most types of armour.
((You are amphibious.))
You can wear up to eight rings at the same time.
((Your skin changes colour to match your surroundings (Stealth+).))
((Your rubbery body absorbs attacks. (AC +1, EV +1)))
((You are camouflaged when in or above water. (Stealth+)))
((You have tentacles for arms and can constrict up to eight enemies at once.))


Message History

The gnoll sergeant hits you with a +5 trident of flaming!
The gnoll sergeant burns you. The gnoll completely misses you.
The gnoll barely misses you.
Casting: Ice Form (dangerous; 8% risk of failure)
Confirm with . or Enter, or press ? or * to list all spells.
Okay, then.
Casting: Ice Form (dangerous; 8% risk of failure)
Confirm with . or Enter, or press ? or * to list all spells.
You miscast Spider Form.
Nothing appears to happen.
The gnoll hits you with a +0 spear. The gnoll closely misses you.
The gnoll sergeant misses you. The gnoll closely misses you.
The gnoll attacks as you move away! The gnoll closely misses you.
The gnoll completely misses you. The gnoll misses you.
The gnoll sergeant hits you with a +5 trident of flaming!
The gnoll sergeant burns you.
The gnoll hits you from afar with a +0 spear.
The gnoll sergeant hits you with a +5 trident of flaming.
The gnoll sergeant burns you.
* * * LOW HITPOINT WARNING * * *
You feel much better. The gnoll barely misses you.
The gnoll completely misses you.
The gnoll sergeant hits you with a +5 trident of flaming!
The gnoll sergeant burns you. The gnoll closely misses you.
The gnoll sergeant attacks as you move away!
The gnoll sergeant hits you with a +5 trident of flaming!
The gnoll sergeant burns you. The gnoll sergeant barely misses you.
The gnoll attacks as you move away! The gnoll closely misses you.
The gnoll sergeant hits you from afar with a +5 trident of flaming!
* * * LOW HITPOINT WARNING * * *
The gnoll sergeant burns you.
* * * LOW HITPOINT WARNING * * *
The gnoll closely misses you.
Okay, then.
Okay, then.
Casting: Spider Form (dangerous; 8% risk of failure)
Confirm with . or Enter, or press ? or * to list all spells.
You turn into a venomous arachnid creature.
Your +1 hat melds into your body.
The gnoll misses you.
The gnoll sergeant hits you from afar with a +5 trident of flaming!!
You die...

. #.#.........
#####.#.........
#........[.....
#........######
+........#
#........#
##+#+##..## #...#
#..s##########
#..g.gg..[...#
#.......g.......#
####....g.......#
#..............
##...(.......##
###..........#
#...######.#
##..# .#


You could see a gnoll sergeant and 4 gnolls.

Vanquished Creatures
  Erica (D:7)
  2 two-headed ogres
  Pikel (D:9)
  Joseph (D:9)
  A komodo dragon (D:9)
  Sigmund (D:2)
  2 wyverns
  A wraith (D:9)
  7 yaks
  2 steam dragons
  5 orc warriors
  A water moccasin (D:7)
  4 black bears
  3 centaurs (D:9)
  3 ogres
  A kobold brigand (D:6)
  2 phantoms
  6 bullfrogs
  A gnoll sergeant (D:9)
  2 necrophages
  2 scorpions
  16 wights
  3 killer bees (D:9)
  2 howler monkeys (D:5)
  4 hounds
  A jelly (D:6)
  A gnoll shaman (D:8)
  6 orc priests
  5 iguanas
  Terence (D:3)
  Jessica (D:2)
  Natasha (thrice) (D:3)
  14 orc wizards
  16 gnolls
  14 adders
  A shadow imp (D:7)
  3 white imps
  An ufetubus (D:5)
  4 dart slugs
  25 orcs
  5 bats
  8 endoplasms
  4 giant cockroaches
  2 goblins
  3 hobgoblins
  4 jackals
  4 quokkas
  4 ball pythons
  A frilled lizard (D:3)
  7 kobolds
  5 rats
217 creatures vanquished.

Vanquished Creatures (others)
  2 fungi (D:9)
  5 plants
7 creatures vanquished.

Grand Total: 224 creatures vanquished

Notes
Turn   | Place    | Note
-------+----------+-------------------------------------------
     0 | D:1      | om the Octopode Transmuter began the quest for the Orb.
     0 | D:1      | Reached XP level 1. HP: 13/13 MP: 3/3
   283 | D:1      | Reached XP level 2. HP: 7/18 MP: 3/5
   464 | D:1      | Learned a level 2 spell: Wereblood
   481 | D:1      | Found a faded altar of an unknown god.
  1036 | D:1      | Reached XP level 3. HP: 23/23 MP: 4/6
  1277 | D:2      | Noticed Sigmund
  1607 | D:2      | Reached skill level 4 in Unarmed Combat
  1945 | D:2      | Killed Sigmund
  1946 | D:2      | Reached skill level 1 in Stealth
  1946 | D:2      | Reached skill level 5 in Unarmed Combat
  1946 | D:2      | Reached XP level 4. HP: 28/28 MP: 5/7
  1946 | D:2      | Reached XP level 5. HP: 33/33 MP: 5/8
  2256 | D:2      | Noticed Jessica
  2262 | D:2      | Killed Jessica
  2263 | D:2      | Reached XP level 6. HP: 34/38 MP: 7/9
  2664 | D:3      | Noticed Natasha
  2668 | D:3      | Killed Natasha
  2681 | D:3      | Found a sparkling altar of Nemelex Xobeh.
  2707 | D:3      | Noticed Terence
  2718 | D:3      | Killed Terence
  2809 | D:3      | Found a glowing golden altar of the Shining One.
  2818 | D:3      | Noticed Natasha
  2823 | D:3      | Killed Natasha
  2938 | D:3      | Noticed Natasha
  2943 | D:3      | Killed Natasha
  2944 | D:3      | Reached XP level 7. HP: 43/43 MP: 8/10
  3071 | D:3      | Found Nyuffira's Distillery.
  3075 | D:3      | Bought a potion of flight for 30 gold pieces
  3075 | D:3      | Bought a potion of might for 40 gold pieces
  3075 | D:3      | Bought a potion of curing for 30 gold pieces
  3347 | D:4      | Reached skill level 6 in Unarmed Combat
  3413 | D:4      | Found a hide-covered altar of Uskayaw.
  3786 | D:4      | Noticed a +0 dagger
  3786 | D:4      | Noticed a +0 dagger
  3942 | D:5      | Entered Level 5 of the Dungeon
  3942 | D:5      | Noticed a two-headed ogre
  4023 | D:5      | Reached XP level 8. HP: 48/48 MP: 9/12
  4073 | D:5      | Reached skill level 5 in Transmutations
  4140 | D:5      | Reached skill level 7 in Unarmed Combat
  4330 | D:4      | Learned a level 3 spell: Spider Form
  4335 | D:4      | Learned a level 4 spell: Ice Form
  4482 | D:5      | Killed a two-headed ogre
  4483 | D:5      | Reached skill level 5 in Dodging
  4483 | D:5      | Reached skill level 8 in Unarmed Combat
  4483 | D:5      | Reached XP level 9. HP: 34/53 MP: 8/15
  4776 | D:6      | Found a glowing silver altar of Zin.
  4782 | D:6      | Found a shimmering altar of Xom.
  4787 | D:6      | Found a burning altar of Makhleb.
  4927 | D:6      | Reached skill level 5 in Spellcasting
  5187 | D:6      | Reached skill level 1 in Ice Magic
  5619 | D:7      | Reached XP level 10. HP: 58/58 MP: 14/17
  5843 | D:7      | Found a staircase to the Ecumenical Temple.
  5891 | Temple   | Entered the Ecumenical Temple
  6436 | D:8      | Noticed Erica
  6562 | D:7      | Killed Erica
  6563 | D:7      | Reached skill level 5 in Stealth
  6563 | D:7      | Reached skill level 9 in Unarmed Combat
  7372 | D:9      | Found a large runed translucent door.
  7373 | D:9      | Found a large runed translucent door.
  7376 | D:9      | Noticed YayAnonymity's ghost (journeyman TeAE)
  7512 | D:9      | Noticed a two-headed ogre
  7787 | D:9      | Noticed Pikel
  7793 | D:9      | Reached skill level 5 in Ice Magic
  7801 | D:9      | Killed Pikel
  7802 | D:9      | Reached XP level 11. HP: 58/63 MP: 16/18
  7879 | D:9      | Reached skill level 10 in Unarmed Combat
  7923 | D:9      | Noticed Joseph
  7931 | D:9      | Killed Joseph
  8059 | D:9      | Found a faded altar of an unknown god.
  8061 | D:9      | Found a hazy altar of Hepliaklqana.
  8196 | D:9      | Found a staircase to the Lair.
  8449 | D:9      | Killed a two-headed ogre
  8555 | D:10     | Entered Level 10 of the Dungeon
  8556 | D:10     | Found a snail-covered altar of Cheibriados.
  8569 | D:10     | Became a worshipper of Cheibriados the Contemplative
  8698 | D:10     | Mangled by a gnoll sergeant

Illustrated notes

Levels and vault maps discovered:
D:1:      lemuel_arrival_lava_pool, layout_rooms,
          shapermc_ecumenical_altar_acropolis, nicolae_grassy_gnolls
D:2:      layout_basic, minmay_misc_feat_square, uniq_jessica, uniq_sigmund
D:3:      layout_loops_cross, lemuel_doored_altar, mainiacjoe_overflow_24_doors,
          serial_shops, shop, chequers_serial_rivers_micro_a, uniq_natasha,
          uniq_terence
D:4:      layout_basic, dancing_weapons_uskayaw, minmay_misc_feat_cross
D:5:      layout_rooms
D:6:      layout_cave_pods, minmay_overflow_temple_star_quad
D:7:      layout_loops_ring, temple_green
D:8:      layout_basic, columned_hall_lemuel, uniq_erica
D:9:      layout_long_grid, beargit_hepliaklqana_dungeon_heroes,
          grunt_lair_entry_orc_guard_hut, ebering_ghost_disaster_area,
          st_stairs_14, uniq_pikel, uniq_joseph
D:10:     layout_basic, mainiacjoe_overflow_cross_hatched,
          overflow_temple_1_default, uniq_maggie
Temple:   dshaligram_water_room_temple

Skill      XL: |  1  2  3  4  5  6  7  8  9 10 11 |
---------------+----------------------------------+-----
Unarmed Combat | 5 6 8 9 10 | 10.7
Stealth        | 1 2 3 4 6 |  6.0
Transmutations | 3 4 5 6 8 |  8.0
Dodging        | 3 5 6 7 8 |  8.2
Spellcasting   | 4 5 |  5.2
Ice Magic      | 2 5 6 |  6.0
Fighting       | |  1.0

Action                   |  1- 3 |  4- 6 |  7- 9 | 10-12 || total
-------------------------+-------+-------+-------+-------++-------
Melee: Unarmed           |    57 |    64 |   182 |   200 ||   503
       Constrict         |    14 |    15 |    47 |    41 ||   117
       Tentacles         |    11 |    11 |    36 |    47 ||   105
       Kick              |    14 |    25 |    69 |    70 ||   178
       Punch             |     3 |     1 |    14 |    10 ||    28
 Cast: Beastly Appendage |    16 |    16 |    33 |    25 ||    90
       Wereblood         |       |     1 |    16 |    15 ||    32
       Spider Form       |       |       |     2 |     6 ||     8
       Ice Form          |       |       |       |     6 ||     6
Evoke: Wand              |       |       |       |     1 ||     1
  Use: Scroll            |     3 |     2 |     4 |     3 ||    12
       Potion            |     1 |       |       |     2 ||     3
 Stab: Sleeping          |     1 |     5 |     8 |     8 ||    22
       Distracted        |       |       |     1 |       ||     1
Armor: Skin              |     8 |     2 |     2 |     5 ||    17
Dodge: Dodged            |    39 |    37 |   125 |   217 ||   418

Table legend: (Time is in decaauts)
 A = Elapsed time spent in this place.
 B = Non-inter-level travel time spent in this place.
 C = Inter-level travel time spent in this place.
 D = Time resting spent in this place.
 E = Time spent auto-exploring this place.
 F = Levels seen in this place.
 G = Mean time per level.
                   A        B        C        D        E       F      G
               +--------+--------+--------+--------+--------+-----+--------+
         Total |   8671 |   8070 |    601 |   1293 |   5038 |  11 |  788.3 |
       Dungeon |   8576 |   8001 |    575 |   1293 |   4978 |  10 |  857.6 |
        Temple |     94 |     69 |     25 |      0 |     60 |   1 |   94.0 |
               +--------+--------+--------+--------+--------+-----+--------+

Top non-repeatable levels by time:
     D:1: 1444 daAuts
     D:2: 1119 daAuts
     D:8: 992 daAuts
     D:9: 979 daAuts
     D:7: 908 daAuts
     D:6: 840 daAuts
     D:4: 745 daAuts
     D:3: 740 daAuts
     D:5: 642 daAuts
    D:10: 162 daAuts
  Temple: 94 daAuts
